Map: [ESL] Tropical Sacrifice

Players

ByuN

  • Race: Terran Terran
  • Spawn Location: 7:00

Serral - Winner!

  • Race: Zerg Zerg
  • Spawn Location: 1:00

Event: HomeStory Cup XXII

VOD

Have the link to the VOD?

Description

Time

  • Played on: Dec. 17, 2022, 11:42 a.m.
  • Length: 15:57

All games in this series

Show
View Real Time Build Order
Export as new Build Order

ByuN Terran 

Build Orders:  

Get SALT Encoding   

  12  0:00  SCV  
  13  0:12  SCV  
  14  0:17  Supply Depot  
  14  0:24  SCV  
  15  0:39  SCV, Barracks  
  16  0:45  Refinery  
  16  0:51  SCV  
  17  1:00  Barracks  
  17  1:03  SCV  
  18  1:15  SCV  
  19  1:21  Barracks  
  19  1:27  Reaper  
  20  1:37  Orbital Command  
  20  1:43  Refinery  
  20  1:48  Reaper  
  21  1:55  Supply Depot  
  21  2:06  Supply Depot, SCV  
  21  2:07  Reaper  
  22  2:18  Reaper  
  23  2:28  SCV  
  24  2:33  Reaper  
  25  2:40  SCV  
  25  2:41  Supply Depot, Reaper  
  27  2:52  SCV, Reaper  
  29  3:04  SCV  
  30  3:15  Factory  
  30  3:16  SCV  
  31  3:26  Marine x3  
  34  3:28  SCV  
  34  3:33  Supply Depot  
  34  3:34  Bunker  
  35  3:40  SCV  
  36  3:54  SCV  
  37  3:58  Factory Tech Lab, Starport  
  37  4:07  Command Center  
  37  4:10  SCV  
  38  4:22  SCV  
  37  4:34  SCV  
  35  4:43  Barracks Tech Lab, Banshee, Cloaking Field  
  35  4:44  Factory Tech Lab  
  36  4:48  SCV  
  37  4:54  Barracks Reactor  
  37  5:00  SCV  
  37  5:02  Barracks Reactor  
  37  5:04  Marine  
  39  5:12  SCV  
  43  5:20  Stimpack  
  43  5:22  Marine, Orbital Command  
  43  5:24  Refinery  
  43  5:26  SCV, Banshee  
  45  5:31  Marine x2  
  47  5:36  Siege Tank  
  47  5:39  Supply Depot, SCV  
  51  5:44  Engineering Bay  
  51  5:49  SCV  
  52  5:51  SCV  
  52  5:55  Marine x3  
  52  5:56  Marine  
  57  5:57  Marine  
  57  6:01  SCV  
  57  6:03  SCV  
  60  6:12  Terran Infantry Weapons Level 1  
  60  6:13  SCV  
  60  6:15  SCV  
  65  6:18  Siege Tank  
  65  6:23  Starport Reactor  
  63  6:25  SCV  
  63  6:27  SCV  
  63  6:31  Supply Depot, Command Center  
  64  6:36  Marine x4  
  64  6:37  Marine  
  69  6:41  SCV  
  69  6:45  Refinery  
  69  6:46  Supply Depot  
  70  6:53  SCV, Siege Tank  
  74  6:56  SCV  
  74  6:59  Marine x3  
  74  7:00  Combat Shield  
  78  7:06  Supply Depot  
  78  7:07  SCV, Marine  
  78  7:08  SCV  
  81  7:09  Medivac  
  81  7:10  Medivac  
  86  7:23  Marine x2  
  86  7:28  Siege Tank, Marine x3  
  90  7:35  SCV  
  90  7:36  SCV, Barracks  
  92  7:37  Barracks  
  94  7:45  Orbital Command  
  94  7:51  Marine x4  
  94  7:52  Marine  
  99  7:58  Medivac  
  99  7:59  Medivac  
  99  8:00  Siege Tank  
  99  8:02  Orbital Command  
  104  8:06  Supply Depot  
  104  8:09  Supply Depot  
  104  8:10  Terran Infantry Armor Level 1  
  104  8:12  SCV x2  
  105  8:17  Missile Turret  
  101  8:24  SCV  
  101  8:25  Barracks Reactor  
  101  8:26  Barracks Reactor  
  99  8:30  Missile Turret  
  99  8:31  SCV  
  98  8:34  Marine  
  98  8:35  Marine x4  
  98  8:37  SCV x2  
  103  8:44  SCV  
  103  8:49  SCV x2  
  103  8:51  Siege Tank  
  103  8:52  Marine  
  109  8:56  SCV  
  109  8:57  Missile Turret  
  109  9:01  SCV x2  
  110  9:08  SCV, Armory  
  111  9:11  Engineering Bay  
  111  9:13  SCV x2  
  111  9:17  Marine x9  
  113  9:20  SCV  
  123  9:25  SCV  
  124  9:32  Supply Depot  
  124  9:33  Supply Depot, Medivac  
  125  9:41  Marine  
  125  9:54  SCV, Siege Tank, Marine x4  
  125  9:55  Supply Depot  
  125  9:56  Supply Depot  
  125  9:59  SCV x2, Medivac, Marine x4  
  141  10:00  Marine  
  114  10:12  Marine x4  
  114  10:15  Medivac  
  114  10:17  Marine x4  
  114  10:18  Marine  
  121  10:26  Command Center  
  121  10:27  Terran Infantry Weapons Level 2, Factory  
  121  10:28  Terran Infantry Armor Level 2  
  121  10:29  Marine x4  
  121  10:34  Refinery, Marine x4  
  129  10:36  Marine  
  129  10:37  SCV x3, Sensor Tower  
  133  10:47  Marine x4  
  137  10:52  Marine x2  
  139  11:02  SCV x2  
  132  11:06  Marine x4  
  132  11:09  Marauder, Marine x2  
  137  11:12  Factory Tech Lab  
  137  11:16  Factory Reactor  
  137  11:17  Marine x2  
  137  11:18  Barracks x3  
  139  11:20  Medivac x2  
  139  11:22  SCV  
  139  11:24  Marine x2  
  139  11:25  SCV x2  
  147  11:30  Marauder, Marine x2  
  147  11:31  Marine  
  152  11:34  SCV  
  152  11:37  SCV x2  
  155  11:45  Marine x3  
  155  11:46  SCV, Marine  
  159  11:49  SCV  
  159  11:52  Terran Vehicle And Ship Armor Level 1, Marauder, Marine x3  
  159  11:53  Marine  
  159  11:54  SCV  
  167  12:03  Marine x4  
  163  12:10  Barracks Tech Lab, Marine x4  
  163  12:11  Barracks Tech Lab  
  163  12:13  Marine  
  163  12:14  SCV x2  
  165  12:18  Orbital Command  
  165  12:20  SCV  
  165  12:23  Barracks Tech Lab  
  165  12:26  SCV x2  
  166  12:31  Marine x2  
  166  12:32  SCV, Marauder  
  166  12:35  Marauder x2  
  168  12:38  SCV  
  168  12:41  Widow Mine  
  171  12:53  Orbital Command  
  171  12:55  Marauder  
  171  12:57  Marauder  
  171  13:02  Marauder  
  171  13:04  Marauder  
  171  13:09  Marine  
  171  13:10  Marine x4  
  171  13:11  Marine  
  136  13:17  Marauder  
  136  13:18  Marauder  
  135  13:23  Marauder  
  135  13:25  Marauder  
  139  13:32  Widow Mine x3  
  145  13:35  Marine x6  
  145  13:36  Marine  
  145  13:38  Marauder  
  145  13:40  Marauder  
  156  13:45  Marauder  
  156  13:46  Marauder  
  156  13:47  SCV x3  
  156  13:48  Sensor Tower  
  163  13:53  Widow Mine, Marine  
  166  13:59  Marauder  
  166  14:01  Marauder  
  166  14:06  Marauder, Marine x5  
  166  14:07  Marine  
  166  14:08  Marine  
  171  14:11  Marine  
  171  14:14  Medivac, Widow Mine, Marauder  
  171  14:15  Supply Depot  
  171  14:16  Orbital Command  
  178  14:18  Supply Depot, Orbital Command  
  178  14:21  Marauder  
  180  14:29  Marine  
  180  14:30  Marauder  
  180  14:34  Marauder  
  180  14:38  Barracks Tech Lab  
  170  14:47  Marine x9  
  170  14:51  Marauder  
  173  14:55  Marine  
  173  14:58  Medivac x2  
  178  15:03  Marine  
  178  15:05  Marine x4  
  171  15:12  Marauder  
  171  15:14  Marine x5  
  163  15:17  Widow Mine x2  
  163  15:19  Marine  
  168  15:22  Marauder  
  168  15:23  Marine  
  168  15:26  SCV x4  
  177  15:28  Widow Mine  
  177  15:34  Marauder  
Show
View Real Time Build Order
Export as new Build Order

Serral Zerg - Winner!

Build Orders: Pool First 

Get SALT Encoding   

  12  0:00  Drone  
  13  0:22  Spawning Pool  
  13  0:26  Drone  
  13  0:30  Drone  
  14  0:40  Drone, Extractor  
  15  0:44  Overlord  
  15  1:08  Zergling x4  
  15  1:09  Zergling x2  
  18  1:18  Hatchery  
  18  1:21  Zergling x2  
  18  1:33  Drone  
  18  1:36  Queen  
  21  1:44  Overlord  
  21  1:52  Drone  
  22  2:03  Drone  
  22  2:09  Extractor  
  22  2:13  Drone  
  22  2:19  Queen  
  23  2:24  Roach Warren  
  23  2:25  Drone  
  22  2:32  Drone  
  23  2:39  Drone  
  24  2:46  Drone  
  24  2:49  Queen  
  27  3:04  Roach x3  
  33  3:10  Overlord  
  33  3:14  Roach  
  35  3:22  Drone  
  36  3:28  Drone x2  
  36  3:29  Drone  
  36  3:33  Drone  
  40  3:38  Overlord  
  40  3:41  Drone  
  41  3:43  Ravager  
  41  3:46  Drone  
  43  3:48  Drone  
  43  3:54  Overlord  
  44  3:57  Drone  
  44  4:02  Drone x2  
  47  4:04  Drone  
  47  4:07  Drone  
  50  4:10  Drone x2  
  50  4:14  Drone  
  52  4:19  Drone  
  52  4:20  Drone x2  
  52  4:25  Drone  
  52  4:26  Evolution Chamber  
  49  4:31  Drone x4  
  49  4:35  Drone  
  53  4:39  Drone  
  54  4:50  Hatchery  
  53  4:53  Lair  
  53  4:57  Drone  
  53  4:58  Extractor  
  53  4:59  Extractor  
  52  5:01  Queen  
  52  5:06  Drone x2  
  56  5:08  Overlord  
  56  5:12  Overlord  
  56  5:13  Drone  
  57  5:15  Drone  
  57  5:17  Zergling x2  
  57  5:20  Overlord  
  59  5:25  Overlord  
  59  5:34  Drone  
  60  5:37  Drone x2  
  60  5:38  Overlord  
  60  5:40  Drone x2  
  64  5:44  Drone x3  
  64  5:47  Queen  
  69  5:51  Drone  
  69  5:53  Evolution Chamber  
  69  5:57  Glial Reconstitution, Extractor  
  69  5:58  Spire  
  69  6:00  Overseer  
  69  6:01  Drone  
  69  6:03  Drone  
  69  6:04  Drone  
  69  6:06  Overseer  
  69  6:10  Spore Crawler  
  70  6:11  Drone x2  
  70  6:15  Drone x2  
  70  6:17  Drone  
  71  6:21  Drone x2  
  71  6:24  Drone x3  
  74  6:30  Zerg Ground Armor Level 1  
  74  6:33  Drone  
  74  6:35  Drone x3  
  74  6:39  Overlord  
  78  6:43  Extractor  
  78  6:44  Drone x3  
  78  6:46  Extractor  
  79  6:48  Roach x2  
  79  6:51  Overlord  
  79  6:52  Roach  
  85  6:58  Spore Crawler  
  84  7:01  Roach x2  
  84  7:02  Roach  
  89  7:10  Drone  
  89  7:11  Drone  
  90  7:18  Mutalisk x4  
  94  7:24  Mutalisk  
  94  7:26  Drone x5  
  101  7:31  Drone x4, Evolution Chamber  
  104  7:39  Overlord x2  
  104  7:42  Overlord x2  
  104  7:47  Drone  
  105  7:54  Drone  
  106  7:58  Zerg Missile Weapons Level 1  
  106  7:59  Roach  
  106  8:00  Roach x4  
  106  8:04  Hatchery  
  115  8:07  Overlord  
  115  8:14  Roach x4  
  123  8:25  Roach x4  
  129  8:36  Metabolic Boost  
  129  8:37  Baneling Nest  
  129  8:40  Drone x4  
  129  8:41  Drone x4  
  135  8:42  Roach  
  135  8:46  Overlord x5  
  138  8:50  Zerg Ground Armor Level 2  
  138  9:04  Drone  
  138  9:05  Drone x4  
  138  9:06  Zergling x8  
  138  9:08  Ravager x2  
  151  9:10  Infestation Pit, Roach x3  
  151  9:12  Zergling x2  
  151  9:13  Zergling x4  
  151  9:14  Zergling x2  
  158  9:21  Zergling x6  
  158  9:23  Centrifugal Hooks  
  161  9:33  Zergling x14  
  168  9:46  Zergling x16  
  168  9:49  Hive  
  168  9:50  Overlord  
  168  9:51  Overlord x2  
  168  9:52  Hatchery  
  175  9:53  Zerg Melee Weapons Level 1  
  169  10:03  Zergling x4, Roach x5  
  149  10:08  Roach x5  
  149  10:10  Zergling x6  
  149  10:14  Ravager  
  151  10:15  Baneling x6  
  152  10:28  Drone  
  152  10:29  Drone x3, Extractor  
  152  10:30  Zergling x18  
  163  10:45  Drone x3  
  163  10:46  Zergling x12  
  172  10:51  Baneling x2, Pneumatized Carapace  
  172  10:54  Zergling x6  
  172  10:57  Zergling x10  
  172  11:01  Adrenal Glands  
  172  11:02  Viper x2  
  172  11:04  Zergling x14  
  172  11:10  Zergling x2, Ultralisk Cavern  
  172  11:11  Zergling x6  
  182  11:12  Queen  
  182  11:13  Queen  
  186  11:18  Baneling x5  
  186  11:19  Baneling x5  
  186  11:23  Zerg Ground Armor Level 3  
  185  11:26  Drone x4  
  189  11:34  Zergling x14  
  189  11:35  Zergling x4  
  189  11:38  Overlord  
  197  11:41  Zergling x8  
  198  11:53  Zerg Melee Weapons Level 2  
  198  11:57  Spore Crawler, Chitinous Plating  
  198  11:59  Burrow  
  197  12:06  Baneling  
  197  12:07  Baneling x9  
  193  12:15  Zergling x2, Ultralisk x2  
  193  12:16  Zergling x12  
  193  12:19  Zergling x2  
  194  12:33  Zergling x18  
  198  12:39  Overseer  
  198  12:48  Baneling x5  
  198  12:49  Baneling x2  
  192  12:59  Zergling x14  
  193  13:09  Zergling x36  
  193  13:11  Hatchery  
  190  13:13  Zergling x10  
  190  13:16  Anabolic Synthesis  
  190  13:18  Zergling x4  
  193  13:21  Zergling x2  
  193  13:24  Baneling x9  
  194  13:29  Drone  
  194  13:34  Drone  
  196  13:35  Zergling x8  
  196  13:36  Baneling  
  196  13:37  Baneling x9  
  196  13:38  Baneling x9  
  196  13:39  Baneling x9  
  197  13:59  Zergling x12  
  197  14:04  Zergling x2  
  197  14:09  Overlord x2  
  198  14:12  Overlord  
  198  14:15  Overlord  
  198  14:20  Queen  
  193  14:29  Zergling x22  
  197  14:36  Zergling x18  
  181  14:46  Zergling x12, Ultralisk x2  
  199  14:52  Baneling  
  199  14:53  Baneling x8  
  199  14:58  Baneling x5  
  199  15:01  Zergling x2  
  189  15:07  Zergling x24  
  189  15:10  Hatchery  
  189  15:12  Spore Crawler  
  194  15:15  Zergling x12  
  194  15:19  Zergling x2  
  194  15:20  Hatchery  
  198  15:27  Drone  
  182  15:37  Zergling x24  
Tags
 
Add a new tag
Caveats
  • Supply blocks, unpowered buildings, or Contaminate may cause inaccurate times.
  • Supply counts are checked every 10 seconds.